 Seeded DCSS version 0.29.1 (webtiles) character file.

Game seed: 905739011755388624 (custom seed)

332 Iusername the Covered (level 6, -1/55 HPs)
             Began as a Minotaur Fighter on Sept 12, 2022.
             Slain by an orc wizard
             ... wielding a +2 dagger of venom
              (3 damage)
             ... on level 5 of the Dungeon.
             The game lasted 00:05:19 (3125 turns).

Iusername the Covered (Minotaur Fighter)            Turns: 3125, Time: 00:05:20

Health: -1/55      AC:  7    Str: 23    XL:     6   Next: 26%
Magic:  5/5        EV: 10    Int:  5    God:
Gold:   130        SH:  4    Dex:  9    Spells: 5/5 levels left

rFire   . . .      SeeInvis .   l - +1 hammer (holy)
rCold   . . .      Faith    .   c - +0 buckler
rNeg    . . .      Spirit   .   b - +0 scale mail
rPois   .          Reflect  .   (helmet restricted)
rElec   .          Harm     .   (no cloak)
rCorr   .          Rampage  .   (no gloves)
Will    .....                   (no boots)
Stlth   ..........              (no amulet)
HPRegen 0.18/turn               (no ring)
MPRegen 0.09/turn               (no ring)

@: brilliant, lethally poisoned (-1 -> -14), attractive
A: horns 2, retaliatory headbutt
a: no special abilities


You were on level 5 of the Dungeon.
You visited 1 branch of the dungeon, and saw 4 of its levels.

You collected 130 gold pieces.

Inventory:

Hand Weapons
 a - a +0 war axe
 l - a +1 hammer of holy wrath (weapon)
Armour
 b - a +0 scale mail (worn)
 c - a +0 buckler (worn)
Scrolls
 d - a scroll of vulnerability
 f - 2 scrolls of blinking
 h - a scroll of summoning
 i - a scroll of fog
 j - 2 scrolls of identify
 m - a scroll of enchant weapon {unknown}
 n - a scroll of noise {unknown}
 p - a scroll of fear {unknown}
 q - a scroll of acquirement {unknown}
 r - a scroll of teleportation {unknown}
 s - a scroll of silence {unknown}
Potions
 g - a potion of degeneration
 k - a potion of attraction


   Skills:
 + Level 4.9 Fighting
 + Level 4.7(4.8) Axes
 + Level 1.1(3.2) Maces & Flails
 + Level 5.5 Armour
 + Level 1.5 Dodging
 + Level 0.3 Stealth
 + Level 4.3 Shields


You had 5 spell levels left.
You didn't know any spells.
Your spell library contained the following spells:

 Spells                   Type           Power      Damage    Failure   Level
 Summon Small Mammal      Summ           0%         N/A       86%         1
 Call Canine Familiar     Summ           0%         N/A       99%         3
 Summon Guardian Golem    Hex/Summ       0%         N/A       99%         3


Dungeon Overview and Level Annotations

Branches:
Dungeon (5/15)
 Temple: D:4-7

Altars:
Dithmenos
Elyvilon
Hepliaklqana
Makhleb
Nemelex Xobeh
Qazlal
Sif Muna
Uskayaw


Innate Abilities, Weirdness & Mutations

You have a pair of horns on your head.
You reflexively headbutt those who attack you in melee.


Message History

You kill the orc!
Unknown command.
Unknown command.
No target in view!
Unknown command.
No target in view!
Unknown command.
You feel very sick.
You hear some strange, mumbled words.
A magic dart appears from out of thin air!
The magic dart hits you!
* * * LOW HITPOINT WARNING * * *
You feel sick.
You hit something. Your headbutt misses something.
You feel very sick.
You hear some strange, mumbled words.
You are confused.
You feel sick. Something hits you but does no damage.
You are lethally poisoned!
Something hits you.
* * * LOW HITPOINT WARNING * * *
You are more poisoned.
* * * LOW HITPOINT WARNING * * *
You feel very sick.
You feel better. Something hits you.
* * * LOW HITPOINT WARNING * * *
You are lethally poisoned!
It was a potion of attraction.
You feel attractive to monsters.
* * * LOW HITPOINT WARNING * * *
You feel very sick. Something hits you.
* * * LOW HITPOINT WARNING * * *
You are more poisoned.
It was a potion of brilliance.
You feel clever all of a sudden.
* * * LOW HITPOINT WARNING * * *
You feel very sick. Something hits you.
You die...

......###.##<.....###....
.....^...................
......###.........###
#.....# #########...#
#.....# ##.#.# #.>.#.#
###.).$## #...#.#
#.)._...# ......#
##....._.## ....###
#...@.....# .####
#._..8.._.... .
#............
#.._.........
#...._.......
#..#...####.. ##......
########


There were no monsters in sight!

Vanquished Creatures
  Grinder (D:3)
  Crazy Yiuf (D:2)
  Robin (D:2)
  2 adders (D:2)
  A worm (D:2)
  2 dart slugs
  3 orcs
  5 bats
  5 endoplasms
  3 giant cockroaches
  16 goblins
  4 hobgoblins
  3 quokkas
  5 ball pythons
  4 frilled lizards
  4 kobolds
  4 rats
64 creatures vanquished.

Notes
Turn   | Place    | Note
-------+----------+-------------------------------------------
     0 | D:1      | Iusername the Minotaur Fighter began the quest for the Orb.
     0 | D:1      | Reached XP level 1. HP: 19/19 MP: 0/0
   322 | D:1      | Reached skill level 4 in Armour
   322 | D:1      | Reached XP level 2. HP: 27/27 MP: 1/1
   715 | D:1      | Reached XP level 3. HP: 33/33 MP: 2/2
  1064 | D:2      | Noticed Robin
  1089 | D:2      | Killed Robin
  1090 | D:2      | Reached XP level 4. HP: 19/41 MP: 3/3
  1487 | D:2      | Found a white marble altar of Elyvilon.
  1636 | D:2      | Found a runed translucent door.
  1637 | D:2      | Noticed Crazy Yiuf
  1642 | D:2      | Killed Crazy Yiuf
  2283 | D:3      | Found a hide-covered altar of Uskayaw.
  2284 | D:3      | Found a burning altar of Makhleb.
  2504 | D:3      | Noticed Grinder
  2511 | D:3      | Killed Grinder
  2512 | D:3      | Reached skill level 1 in Maces & Flails
  2512 | D:3      | Reached skill level 5 in Armour
  2512 | D:3      | Reached skill level 1 in Dodging
  2512 | D:3      | Reached XP level 5. HP: 14/47 MP: 4/4
  2512 | D:3      | Reached XP level 6. HP: 17/55 MP: 5/5
  3066 | D:3      | You fall into a shaft and drop 2 floors!
  3066 | D:5      | Entered Level 5 of the Dungeon
  3102 | D:5      | Found a white marble altar of Elyvilon.
  3102 | D:5      | Found a stormy altar of Qazlal.
  3102 | D:5      | Found a hazy altar of Hepliaklqana.
  3103 | D:5      | Found a shadowy altar of Dithmenos.
  3105 | D:5      | Found a sparkling altar of Nemelex Xobeh.
  3106 | D:5      | Found a shimmering blue altar of Sif Muna.
  3125 | D:5      | HP: 2/55 [poisoned by an orc wizard]
  3125 | D:5      | Slain by an orc wizard

Illustrated notes

Levels and vault maps discovered:
D:1:      scummos_arrival_simple_crosswalls, layout_loops_ring
D:2:      layout_rooms, basic_altar, uniq_robin, uniq_crazy_yiuf_cottage
D:3:      layout_basic, mainiacjoe_overflow_divided_tiny,
          basic_ecumenical_altar, minmay_misc_feat_ornament,
          minmay_misc_feat_hallway, uniq_grinder
D:5:      layout_basic, grunt_temple_overflow_open,
          minmay_temple_entry_offerings

Skill      XL: |  1  2  3  4 |
---------------+-------------+-----
Armour         | 4 5 |  5.5
Fighting       | 4 |  4.9
Axes           | 3 4 |  4.7
Shields        | 4 |  4.3
Maces & Flails | 1 |  1.1
Dodging        | 1 |  1.5
Stealth        | |  0.3

Action                   |  1- 3 |  4- 6 || total
-------------------------+-------+-------++-------
Melee: War axe           |    82 |    12 ||    94
       Headbutt          |    10 |     6 ||    16
       Mace              |       |    20 ||    20
  Use: Potion            |     2 |     3 ||     5
       Scroll            |       |     5 ||     5
Armor: Scale mail        |    58 |    21 ||    79
Dodge: Dodged            |    47 |    16 ||    63
Block: Buckler           |    22 |     4 ||    26
